Unix NetHack Version 5.0.0-0 post-release - last build Jul 19 2026 19:10:59 (3aa4ab31751d3886436d94b585a96704892fd477,branch:main).

Game began 2026-07-27 09:57:12, ended 2026-07-27 11:08:47.

LDaviesPeters, neutral female human Archeologist

                 -----.
              ----.*....
              |..........
              -.....[<...
             `.G....*[...
              ......|.|..
               ....----

LDaviesPeters the Field Worker  St:13 Dx:12 Co:15 In:12 Wi:18 Ch:8  Neutral
Dlvl:4  $:0  HP:0(35) Pw:30(30) AC:1  Xp:5 T:3709 

Latest messages:
 You hear a jackal howling at the moon.
 What do you want to eat? [dA or ?*] ?
 This food really hits the spot!
 You finish eating the food ration.
 You descend the stairs.
 You swap places with your little dog.
 You descend the stairs.
 The little dog picks up a hooded cloak.
 What do you want to use or apply? [abfglyzB or ?*] l
 Your lamp is now on.
 The little dog drops a hooded cloak.
 You see here a hooded cloak.
 You lash the gnome!
 The gnome misses!
 You kill the gnome!
 There is a gnome corpse here; eat it? [ynq] (n) y
 This gnome corpse is tough.
 A thonged club misses you.
 You stop eating the gnome corpse.
 The thonged club returns to its hand!
 There is a partly eaten gnome corpse here; eat it? [ynq] (n) y
 You resume your meal.
 You stop eating the gnome corpse.
 What do you want to put on? [v or ?*] v
 Which ring-finger, Right or Left? [rl] l
 Gee!  All of a sudden, you can't see yourself.
 v - an uncursed ring of invisibility (on left hand).
 The gnome king throws a thonged club!
 You are hit by a thonged club!
 Your little dog eats a partly eaten gnome corpse.
 You hear rumbling in the distance.
 You lash the gnome king.
 The gnome king swings his thonged club.
 The gnome king misses!
 You lash the gnome king.
 The gnome king swings his thonged club.
 The gnome king hits!
 You hear rumbling in the distance.
 You lash the gnome king.
 The gnome king swings his thonged club.
 The gnome king hits!
 You lash the gnome king!
 The gnome king swings his thonged club.
 The gnome king hits!
 You die...
 Do you want your possessions identified? [ynq] (y) y
 Do you want to see your attributes? [ynq] (y) y
 Do you want an account of creatures vanquished? [ynaq] (y) n
 Do you want to see your conduct and achievements? [ynq] (y) y
 Do you want to see the dungeon overview? [ynq] (y) n

Inventory:
 Weapons  (')')
  E - a +0 dagger
  u - a +0 elven dagger
  a - a +2 bullwhip (weapon in right hand)
 Armor    ('[')
  c - an uncursed +0 fedora (being worn)
  o - an uncursed +2 pair of water walking boots (being worn)
  s - an uncursed +0 large shield (being worn)
  i - an uncursed +0 cloak of protection (being worn)
  h - an uncursed +0 leather jacket (being worn)
 Comestibles  ('%')
  d - 4 uncursed food rations
  A - 2 uncursed lembas wafers
 Rings    ('=')
  v - an uncursed ring of invisibility (on left hand)
 Wands    ('/')
  B - a cursed wand of lightning (0:6)
  z - a cursed wand of magic missile (0:2)
  y - a cursed wand of sleep (0:4)
 Tools    ('(')
  b - an uncursed sack containing 8 items
  l - a cursed oil lamp (lit)
  f - a tinning kit (0:96)
 Gems/Stones  ('*')
  g - an uncursed touchstone

Contents of the sack:
  2245 gold pieces
  an uncursed scroll of enchant armor
  2 cursed scrolls of identify
  2 uncursed scrolls of remove curse
  an uncursed scroll of scare monster
  a cursed potion of healing
  a cursed magic marker (0:20)
  a +0 pick-axe

LDaviesPeters the Archeologist's attributes:

Background:
 You were a Field Worker, a level 5 female human Archeologist.
 You were neutral, on a mission for Camaxtli
 who was opposed by Quetzalcoatl (lawful) and Huhetotl (chaotic).
 You were right-handed.
 You were in the Gnomish Mines, on level 4.
 You entered the dungeon 3709 turns ago.
 You had 309 experience points, 11 more were needed to attain level 6.

Basics:
 You had 0 out of 35 hit points.
 You had all 30 energy points (spell power).
 Your armor class was 1.
 Your wallet was empty, but
 you had 2245 zorkmids stashed away in your pack.
 Autopickup was off.

Final Characteristics:
 Your strength was 13 (limit:18/100).
 Your dexterity was 12 (limit:18).
 Your constitution was 15 (limit:18).
 Your intelligence was 12 (limit:18).
 Your wisdom was 18 (limit:18).
 Your charisma was 8 (limit:18).

Final Status:
 You weren't hungry.
 You were unencumbered.
 You were wielding a whip.
 You were skilled in whip.

Final Attributes:
 You were piously aligned.
 You were poison resistant.
 You had automatic searching.
 You were invisible.
 You were stealthy.
 You could walk on water.
 You were protected.
 You were lucky.
 You are dead.

Miscellaneous:
 You encountered 1 bones level.
 Total elapsed playing time was 1 hour, 11 minutes and 35 seconds.

Major events:
 Turn
    1: LDaviesPeters the neutral female human Archeologist entered the dungeon
 1340: entered the Gnomish Mines
 1346: attained the rank of Field Worker (level 3)
 2953: found Trollsbane in a shop
 3709: killed by a gnome king

You didn't know any spells.

Skills:
 Fighting Skills
   bare handed combat [Unskilled]
   two weapon combat  [Unskilled]
   riding             [Unskilled]
 Weapon Skills
   dagger             [Unskilled]
   knife              [Unskilled]
   pick-axe           [Basic]
   short sword        [Unskilled]
   saber              [Unskilled]
   club               [Unskilled]
   quarterstaff       [Unskilled]
   sling              [Unskilled]
   dart               [Unskilled]
   boomerang          [Unskilled]
   whip               [Skilled]
   unicorn horn       [Unskilled]
 Spellcasting Skills
   attack spells      [Unskilled]
   healing spells     [Unskilled]
   divination spells  [Unskilled]
   matter spells      [Unskilled]

Voluntary challenges:
 Character rerolling was not enabled.
 You never genocided any monsters.
 You never polymorphed an object.
 You never changed form.
 You used no wishes.
Achievements:
 You entered a shop.
 You entered the Gnomish Mines.
 You attained the rank of Field Worker.

 The Dungeons of Doom: levels 1 to 6
    Level 1:
       An altar.
    Level 2:
    Level 3:
       A general store, a fountain.
       Stairs down to The Gnomish Mines.
    Level 4:
       Some graves.
       Final resting place for
          acullum-Hea-Hum-Mal-Neu, killed by an imp,
          secra-Wiz-Elf-Mal-Cha, killed by a giant ant,
          ubiquity-Pri-Elf-Mal-Cha, killed by a giant ant.
    Level 5:
       An armor shop.
    Level 6:
 The Gnomish Mines:
    Level 4: <- You were here.
       Final resting place for
          you, killed by a gnome king.


Vanquished creatures:
  2 ghosts
 an imp
  a rock mole
  a gnome leader
  a gray ooze
  a paper golem
  5 giant ants
  a dwarf
  a kobold shaman
  a centipede
  2 dwarf zombies
 an iguana
  2 hobbits
  a hobgoblin
  5 cave spiders
  a yellow mold
  a red mold
  3 gnomes
  3 geckos
  6 jackals
  5 grid bugs
  6 lichens
  3 kobold zombies
 11 newts
65 creatures vanquished.

No species were genocided or became extinct.

Game over:
                       ----------
                      /          \
                     /    REST    \
                    /      IN      \
                   /     PEACE      \
                  /                  \
                  |  LDaviesPeters   |
                  |     2245 Au      |
                  |   killed by a    |
                  |    gnome king    |
                  |                  |
                  |                  |
                  |       2026       |
                 *|     *  *  *      | *
        _________)/\\_//(\/(/\)/\//\/|_)_______

Goodbye LDaviesPeters the Archeologist...

You died in The Gnomish Mines on dungeon level 4 with 3507 points,
and 2245 pieces of gold, after 3709 moves.
You were level 5 with a maximum of 35 hit points when you died.

